 Dungeon Crawl Stone Soup version 0.31.0-9-g3a7656b989 (webtiles) character file.

Game seed: 181604442923653848

2047 Doomgape the Spear-Bearer (level 9, -12/96 HPs)
             Began as an Oni Cinder Acolyte on Jan 29, 2024.
             Was an Initiate of Ignis.
             Mangled by a yak (15 damage)
             ... on level 7 of the Dungeon.
             The game lasted 00:27:50 (6521 turns).

Doomgape the Spear-Bearer (Oni Cinder Acolyte)      Turns: 6521, Time: 00:27:51

Health: -12/96     AC:  3    Str: 21 (22) XL:     9   Next: 24%
Magic:  13/13      EV:  9    Int: 15 (17) God:    Ignis [......]
Gold:   376        SH:  0    Dex:  3 (4)  Spells: 12/14 levels left

rFire   + + .        a - -1 spear (flame)
rCold   . . .        (no shield)
rNeg    . . .        r - +0 robe {rF+}
rPois   .            (helmet currently unavailable)
rElec   .            k - melded +2 cloak
rCorr   .            (gloves unavailable)
SInv    .            (boots unavailable)
Will    .....        (no amulet)
Stlth   +            (no ring)
HPRegen 0.36/turn    (no ring)
MPRegen 0.13/turn

%: no passive effects
@: beast-form
A: beast (slay +0), large, unfitting armour, horns 1, tough skin 1, double
potion healing, drunken brawling
a: Begin Untransformation, Renounce Religion


You were on level 7 of the Dungeon.
You worshipped Ignis.
Ignis was noncommittal.
You were a hulking beast.
You visited 2 branches of the dungeon, and saw 8 of its levels.

You collected 376 gold pieces.

Inventory:

Hand Weapons
 a - a -1 spear of flaming (weapon)
 d - a +5 heavy mace
Armour
 k - a +2 cloak (melded)
 r - a +0 robe of fire resistance (worn)
Talismans
 q - a beast talisman (active)
Wands
 b - a wand of iceblast (10)
 j - a wand of mindburst (7)
 l - a wand of flame (22)
Scrolls
 n - a scroll of fog
 o - a scroll of identify
Potions
 c - 2 potions of haste
 m - a potion of magic


   Skills:
 - Level 8.0 Fighting
 + Level 8.1 Polearms
 + Level 3.8 Armour
 + Level 3.8 Dodging
 - Level 3.2 Spellcasting
 - Level 3.6 Fire Magic


You had 12 spell levels left.
You knew the following spells:

 Your Spells              Type           Power      Damage    Failure   Level
a - Scorch                Fire           26%        2d6       7%          2

Your spell library contained the following spells:

 Spells                   Type           Power      Damage    Failure   Level
 Magic Dart               Conj           8%         1d3       21%         1
 Blink                    Tloc           4%         N/A       30%         2
 Call Imp                 Summ           4%         N/A       30%         2
 Ensorcelled Hibernation  Hex/Ice        4%         N/A       30%         2
 Fugue of the Fallen      Necr           2%         N/A       52%         3
 Anguish                  Hex/Necr       1%         N/A       89%         4


Dungeon Overview and Level Annotations

Branches:
Dungeon (7/15)             Temple (1/1) D:6

Altars:
Cheibriados
Elyvilon
Fedhas
Gozag
Kikubaaqudgha
Makhleb
Nemelex Xobeh
Qazlal
Ru
Sif Muna
Uskayaw
Vehumet
Wu Jian
Xom
Yredelemnul
Zin
The Shining One

Shops:
D:4 [


Innate Abilities, Weirdness & Mutations

You are a hulking beast.
Your limbs bulge with bestial killing power. (Slay +0)
You are too large for most types of armour.
You have a pair of small horns on your head.
You have tough skin. (AC +1)
You gain doubled healing and magic from potions.
Whenever you drink a healing potion, you attack all around you.


Message History

You feel less resistant to fire.
Your roots penetrate the ground.
It was a potion of cancellation.
Your magical effects are unravelling.
You feel magically purged.
You feel less wooden.
Your +2 cloak unmelds from your body.
Your +0 robe of fire resistance unmelds from your body.
You feel resistant to fire.
You turn into a hulking beast.
Your +2 cloak melds into your body.
You flicker back into view.
You feel a little less mighty now.
You barely miss the yak. You headbutt the yak, but do no damage.
The yak is lightly wounded.
You hit the yak but do no damage.
The yak is lightly wounded.
The yak gores you.
* * * LOW HITPOINT WARNING * * *
Unknown command.
You hit the yak. You burn the yak. Your headbutt misses the yak.
The yak is moderately wounded.
The yak closely misses you. The yak completely misses you.
Unknown command.
You completely miss the yak. You headbutt the yak, but do no damage.
The yak is heavily wounded.
Unknown command.
You hit the yak. You burn the yak.
The yak is heavily wounded.
The yak gores you.
* * * LOW HITPOINT WARNING * * *
Unknown command.
Okay, then.
Okay, then.
Okay, then.
There are monsters nearby!
Okay, then.
You barely miss the yak. Your headbutt misses the yak.
The yak is moderately wounded.
The yak gores you!
* * * LOW HITPOINT WARNING * * *
The yak gores you but does no damage. The yak gores you!
You die...

*,,,,*,,,,*,,,,,,∩,,*
*,,,,+,,,,*,,,,,8,8,*
******,,,,*,,,,**,,,*
**,,,,,*+**+*****,,**
,*,,,,,*,,,,,,,**,,**
,*,,,,,*,,,,,,,,*,,,*
,*,,,,,*,,**,,,**,,,*
**,,,,**+*****+######
,,,,,,*,,,,,,,,#hY..#
,,,,,,*,,,,,,,,#YY..#
,,,,,,*,,,,,,,,#Y...#
,,,,,,*,,,,,,,,#....#
,,,,,,#.,,***,,#....#
*,,,,##...######....#
*,,,,#.....)'..###'##
*,,,,#.....)#...#...#
+,,,,#......#..YY...#


You could see 4 yaks.

Vanquished Creatures
  Prince Ribbit (D:6)
  A fire bat (D:5)
  A steam dragon (D:7)
  A water moccasin (D:6)
  An orc warrior (D:7)
  An ice beast (D:6)
  An ogre (D:6)
  A centaur (D:6)
  3 bullfrogs
  A scorpion (D:5)
  4 electric eels (D:6)
  A bombardier beetle (D:6)
  5 hounds
  A jelly (D:5)
  Crazy Yiuf (D:2)
  2 orc priests
  Terence (D:2)
  2 sleepcaps (D:5)
  An iguana (D:5)
  4 orc wizards
  4 gnolls
  6 adders
  A shadow imp (D:7)
  3 white imps
  2 ufetubi (D:5)
  2 ribbon worms
  3 dart slugs
  20 orcs
  6 ball pythons
  5 endoplasms
  4 giant cockroaches
  8 hobgoblins
  5 kobolds
  4 quokkas
  3 bats
  5 frilled lizards
  4 goblins
  6 rats
125 creatures vanquished.

Vanquished Creatures (collateral kills)
  A foxfire (D:6)
1 creature vanquished.

Vanquished Creatures (others)
  64 foxfires
64 creatures vanquished.

Grand Total: 190 creatures vanquished

Notes
Turn   | Place    | Note
-------+----------+-------------------------------------------
     0 | D:1      | Doomgape the Oni Cinder Acolyte began the quest for the
                  | Orb.
     0 | D:1      | Reached XP level 1. HP: 24/24 MP: 2/2
   183 | D:1      | Reached XP level 2. HP: 32/32 MP: 4/4
   385 | D:1      | Reached XP level 3. HP: 32/39 MP: 6/6
   569 | D:1      | Learned a level 2 spell: Scorch
  1086 | D:2      | You fall into a shaft and drop 1 floor!
  1109 | D:3      | Reached XP level 4. HP: 48/48 MP: 3/7
  1199 | D:3      | Reached XP level 5. HP: 54/54 MP: 0/9
  1753 | D:2      | Noticed Terence
  1763 | D:2      | Killed Terence
  1930 | D:2      | Found a runed translucent door.
  1931 | D:2      | Noticed Crazy Yiuf
  1941 | D:2      | Killed Crazy Yiuf
  2549 | D:3      | Reached skill level 5 in Fighting
  2549 | D:3      | Reached XP level 6. HP: 62/66 MP: 10/10
  2814 | D:4      | Found Noifoutta's Antique Armour Shop.
  3390 | D:5      | Entered Level 5 of the Dungeon
  3560 | D:5      | Reached skill level 5 in Polearms
  3781 | D:5      | Reached XP level 7. HP: 72/75 MP: 11/11
  4614 | D:5      | Found a shimmering altar of Xom.
  4614 | D:5      | Noticed a fire bat
  4639 | D:5      | Killed a fire bat
  4837 | D:5      | Reached XP level 8. HP: 63/88 MP: 12/12
  4993 | D:6      | Found a staircase to the Ecumenical Temple.
  5002 | Temple   | Entered the Ecumenical Temple
  5201 | D:6      | Noticed Prince Ribbit
  5204 | D:6      | Reached skill level 1 in Armour
  5204 | D:6      | Reached skill level 1 in Dodging
  5207 | D:6      | Killed Prince Ribbit
  6151 | D:7      | Reached XP level 9. HP: 79/96 MP: 10/13
  6521 | D:7      | HP: 3/96 [yak (7)]
  6521 | D:7      | Mangled by a yak

Illustrated notes

Levels and vault maps discovered:
D:1:      wander_arrival_estate, layout_basic, dreamdust_mushroom_princess
D:2:      layout_basic, kennysheep_generic_room_3, uniq_terence,
          uniq_crazy_yiuf_cottage
D:3:      layout_basic, nicolae_concentric_dashed_squares_wild,
          kennysheep_generic_room_11
D:4:      layout_loops_ring, serial_shops, shop
D:5:      layout_basic, regret_index_xom_of_box, kennysheep_path_1
D:6:      layout_rooms, minmay_temple_entry_mini_moons, serial_bayou,
          serial_bayou_pond_a, serial_bayou_pond_e, serial_bayou_lake_a,
          serial_bayou_pond_d, serial_bayou_pond_b, uniq_prince_ribbit1
D:7:      layout_gridville, serial_shops, nicolae_shop_tiny_statue_garden
Temple:   nicolae_temple_elliptical

Skill      XL: |  1  2  3  4  5  6  7  8  9 |
---------------+----------------------------+-----
Spellcasting   | 2 3 |  3.2
Fire Magic     | 3 |  3.6
Polearms       | 4 5 6 7 8 |  8.1
Fighting       | 5 6 7 8 |  8.0
Armour         | 3 |  3.8
Dodging        | 3 |  3.8

Action                     |  1- 3 |  4- 6 |  7- 9 || total
---------------------------+-------+-------+-------++-------
  Melee: Spear             |    93 |   194 |   208 ||   495
         Headbutt          |    11 |    26 |    31 ||    68
         Punch             |       |     1 |     4 ||     5
   Cast: Scorch            |     2 |     4 |     7 ||    13
 Invoke: Foxfire Swarm     |     2 |     2 |     2 ||     6
         Fiery Armour      |     1 |     1 |     2 ||     4
         Rising Flame      |       |     1 |       ||     1
  Evoke: Wand              |       |       |     5 ||     5
    Use: Scroll            |       |     3 |     6 ||     9
         Potion            |       |       |     8 ||     8
 Armour: Robe              |    30 |   104 |   145 ||   279
  Dodge: Dodged            |    28 |    69 |    95 ||   192
   Form: Beast             |       |       |     1 ||     1
